 Dungeon Crawl Stone Soup version 0.21.0-3-g78d12a8bdd (console) character file.

84 Kloppie the Skirmisher (level 4, -2/63 HPs)
             Began as a Minotaur Berserker on Jan 11, 2018.
             Was a Follower of Trog.
             Slain by an iron imp (6 damage)
             ... summoned by Natasha
             ... on level 2 of the Dungeon.
             The game lasted 00:01:25 (1089 turns).

Kloppie the Skirmisher (Minotaur Berserker)         Turns: 1089, Time: 00:01:25

Health: -2/63      AC:  2    Str: 28    XL:     4   Next: 23%
Magic:  3/3        EV: 12    Int:  4    God:    Trog [*.....]
Gold:   113        SH:  0    Dex:  9    Spells: 3/3 levels left

rFire    . . .     SeeInvis .   a - +0 mace
rCold    . . .     Gourm    .   (no shield)
rNeg     . . .     Faith    .   b - +0 animal skin
rPois    .         Spirit   .   (helmet restricted)
rElec    .         Reflect  .   (no cloak)
rCorr    .         Harm     .   (no gloves)
MR       .....                  (no boots)
Stlth    ..........             (no amulet)
HPRegen  0.20/turn              (no ring)
MPRegen  0.08/turn              (no ring)

@: berserking, very quick
A: retaliatory headbutt, horns 2
a: Berserk, Burn Spellbooks, Renounce Religion


You were on level 2 of the Dungeon.
You worshipped Trog.
Trog was aware of your devotion.
You were very hungry.

You visited 1 branch of the dungeon, and saw 2 of its levels.

You collected 113 gold pieces.

Inventory:

Hand Weapons
 a - a +0 mace (weapon)
Armour
 b - a +0 animal skin (worn)
Jewellery
 h - an uncursed ring of protection from cold {unknown}
Scrolls
 d - 4 scrolls of teleportation {unknown}
 e - 3 scrolls of identify {unknown}
 g - a scroll of blinking {unknown}
 k - a scroll of remove curse {unknown}
 m - a scroll of fear {unknown}
Potions
 f - a potion of berserk rage {unknown}
 i - a potion of degeneration {unknown}
 j - a potion of curing {unknown}
Comestibles
 c - 3 rations
 l - 2 chunks of flesh


   Skills:
 + Level 5.0 Fighting
 + Level 5.0 Maces & Flails
 - Level 2.4 Armour
 - Level 2.1 Dodging


You had 3 spell levels left.
You didn't know any spells.

Dungeon Overview and Level Annotations

Branches:
Dungeon (2/15)

Altars:
Vehumet

Annotations:
D:2 Natasha


Innate Abilities, Weirdness & Mutations

You reflexively headbutt those who attack you in melee.
You have a pair of horns on your head.


Message History

You barely miss the iron imp. You headbutt the iron imp.
The iron imp is lightly wounded.
Natasha mumbles some strange words.
The iron imp completely misses you.
You sock the iron imp!
The iron imp is severely wounded.
Natasha claws you! The iron imp hits you!
* * * LOW HITPOINT WARNING * * *
You closely miss Natasha. You headbutt Natasha!
Natasha is heavily wounded.
Natasha barely misses you. The white imp gestures at you.
The puff of frost hits you!
* * * LOW HITPOINT WARNING * * *
The iron imp barely misses you.
A red film seems to cover your vision as you go berserk!
You feel yourself moving faster!
You feel mighty!
You are feeling very hungry.
Natasha closely misses you. The iron imp hits you.
You die...

.#...### ..#... ....+
........ ....#.####....#
........ ..............
........ ............#
#+###..... ............#
#.# #.#... ..........$.#
#.# #.#... ...=..5.h...+
._. +.#... .......@5...#
### #.#... .......††...#
### #.....
###########.#######.....
#.............
#####.........
#######... #... #...
##..


You could see an iron imp, Natasha and a white imp.

Vanquished Creatures
  Natasha (twice) (D:2)
  2 dart slugs
  4 giant cockroaches (D:2)
  6 goblins
  2 hobgoblins
  A jackal (D:1)
  5 kobolds
  A quokka (D:2)
  2 bats
  3 frilled lizards
  2 rats
30 creatures vanquished.

Notes
Turn   | Place    | Note
-------+----------+-------------------------------------------
     0 | D:1      | Kloppie the Minotaur Berserker began the quest for the Orb.
     0 | D:1      | Reached XP level 1. HP: 19/19 MP: 0/0
   116 | D:1      | Reached XP level 2. HP: 12/27 MP: 1/1
   854 | D:2      | Noticed Natasha
   861 | D:2      | Killed Natasha
   861 | D:2      | Reached XP level 3. HP: 31/34 MP: 2/2
  1041 | D:2      | Noticed Natasha
  1043 | D:2      | Killed Natasha
  1043 | D:2      | Reached skill level 5 in Fighting
  1043 | D:2      | Reached skill level 5 in Maces & Flails
  1043 | D:2      | Reached XP level 4. HP: 42/42 MP: 3/3
  1071 | D:2      | Found a radiant altar of Vehumet.
  1081 | D:2      | Noticed Natasha
  1088 | D:2      | HP: 2/42 [white imp/puff of frost[Natasha] (10)]
  1089 | D:2      | Slain by an iron imp

Skill      XL: |  1  2  3 |
---------------+----------+-----
Fighting       | 4 5 |  5.0
Maces & Flails | 4 5 |  5.0
Armour         | |  2.4
Dodging        | |  2.1

Action                   |  1- 3 |  4- 6 || total
-------------------------+-------+-------++-------
Melee: Mace              |    54 |     9 ||    63
       Headbutt          |     6 |     3 ||     9
Invok: Berserk           |     1 |     1 ||     2
  Eat: Chunk             |     1 |       ||     1
Armor: Animal skin       |     7 |       ||     7
Dodge: Dodged            |    29 |     7 ||    36
